Map: Rhoskallian LE

Players

llllllllllll

  • Race: Protoss Protoss

Dune

  • Race: Terran Terran

Massa - Winner!

  • Race: Terran Terran
  • League: Platinum

qqq - Winner!

  • Race: Zerg Zerg

VOD

Have the link to the VOD?

Description

Time

  • Played on: April 11, 2021, 3:04 p.m.
  • Length: 4:25
Show
View Real Time Build Order
Export as new Build Order

llllllllllll Protoss 

Build Orders:  

Get SALT Encoding   

  12  0:00  Probe  
  13  0:12  Probe  
  14  0:18  Pylon  
  14  0:24  Probe  
  15  0:36  Probe (Chrono Boost)  
  16  0:47  Probe (Chrono Boost)  
  17  0:52  Probe (Chrono Boost)  
  18  1:03  Probe  
  19  1:10  Nexus  
  19  1:19  Gateway  
  19  1:23  Probe  
  20  1:32  Assimilator  
  20  1:35  Probe  
  20  1:38  Assimilator  
  21  1:44  Pylon  
  21  1:47  Probe  
  22  1:59  Probe  
  23  2:10  Cybernetics Core  
  23  2:12  Probe (Chrono Boost)  
  24  2:22  Probe (Chrono Boost)  
  25  2:24  Probe (Chrono Boost)  
  26  2:31  Probe (Chrono Boost), Assimilator  
  26  2:32  Probe (Chrono Boost)  
  26  2:36  Probe (Chrono Boost)  
  28  2:38  Probe  
  30  2:48  Probe  
  30  2:50  Probe, Stargate  
  32  3:00  Assimilator  
  32  3:02  Probe (Chrono Boost)  
  32  3:03  Probe (Chrono Boost)  
  36  3:13  Probe (Chrono Boost)  
  36  3:17  Probe (Chrono Boost)  
  36  3:18  Probe (Chrono Boost), Pylon  
  37  3:24  Probe  
  38  3:28  Probe  
  39  3:37  Probe  
  39  3:40  Probe  
  39  3:54  Probe x2  
  28  4:06  Probe x2  
Show
View Real Time Build Order
Export as new Build Order

Dune Terran 

Build Orders: 2 Factory 

Get SALT Encoding   

  12  0:01  SCV  
  13  0:13  SCV  
  14  0:18  Supply Depot  
  14  0:25  SCV  
  15  0:40  SCV  
  15  0:41  Barracks  
  16  0:50  Refinery  
  16  0:52  SCV  
  17  1:04  SCV  
  18  1:16  SCV  
  19  1:30  Orbital Command  
  19  1:34  Supply Depot  
  19  1:53  Factory  
  19  1:59  SCV  
  20  2:11  SCV  
  21  2:23  SCV  
  21  2:25  Command Center  
  21  2:26  Refinery  
  22  2:31  Barracks Tech Lab  
  22  2:36  SCV  
  23  2:38  Factory Reactor  
  23  2:48  SCV  
  24  3:00  SCV, Factory  
  24  3:03  Supply Depot  
  24  3:04  Barracks Tech Lab  
  25  3:07  Barracks Reactor  
  25  3:12  SCV  
  26  3:16  Widow Mine x2  
  30  3:20  Supply Depot  
  30  3:21  Engineering Bay  
  30  3:24  SCV  
  31  3:37  Widow Mine  
  31  3:38  Widow Mine  
  35  3:49  Widow Mine  
  33  3:55  SCV  
  33  3:58  Widow Mine  
Show
View Real Time Build Order
Export as new Build Order

Massa Terran - Winner!

Build Orders:  

Get SALT Encoding   

  12  0:00  SCV  
  13  0:12  SCV  
  14  0:22  Supply Depot  
  14  0:24  SCV  
  15  0:44  SCV  
  15  0:46  Barracks  
  16  0:52  Refinery  
  16  0:56  SCV  
  17  1:21  SCV  
  18  1:35  Barracks  
  18  1:39  Barracks  
  18  1:45  Reaper  
  19  1:50  Supply Depot  
  19  1:53  Orbital Command  
  19  2:17  Reaper  
  19  2:19  SCV  
  21  2:26  Supply Depot  
  23  2:31  SCV  
  23  2:32  Reaper  
  23  2:36  Reaper  
  24  3:03  Refinery, Engineering Bay  
  24  3:05  Barracks Tech Lab, Command Center  
  24  3:09  Marine  
  24  3:11  Barracks Reactor  
  25  3:16  SCV  
  26  3:29  SCV  
  27  3:41  SCV  
  27  3:53  Marauder, Marine x3  
Show
View Real Time Build Order
Export as new Build Order

qqq Zerg - Winner!

Build Orders: Hatch First 

Get SALT Encoding   

  12  0:02  Drone  
  13  0:09  Drone  
  14  0:21  Overlord  
  14  0:46  Hatchery  
  13  0:52  Drone  
  13  0:54  Drone  
  15  0:57  Drone  
  16  1:09  Drone  
  17  1:27  Spawning Pool  
  17  1:28  Extractor  
  17  1:29  Drone x2  
  17  1:44  Drone  
  18  1:55  Drone  
  18  1:59  Drone  
  20  2:02  Drone  
  20  2:07  Drone  
  22  2:12  Drone  
  22  2:14  Queen x2  
  27  2:20  Overlord  
  27  2:25  Drone  
  28  2:32  Overlord  
  28  2:36  Metabolic Boost  
  28  2:40  Zergling x2  
  28  2:41  Zergling x2  
  30  2:45  Zergling x2  
  31  2:53  Zergling x4  
  33  3:01  Zergling x2  
  33  3:03  Zergling x2  
  35  3:12  Zergling x2  
  36  3:14  Lair  
  36  3:15  Zergling x2  
  37  3:22  Overlord  
  37  3:23  Zergling x4  
  37  3:24  Zergling x4  
  41  3:29  Zergling x2  
  41  3:30  Drone  
  43  3:34  Overlord  
  43  3:38  Zergling x2  
  44  3:44  Spore Crawler  
  43  3:53  Zergling x2  
  43  3:54  Zergling x4  
  46  4:04  Zergling x8  
Tags
 
Add a new tag
Caveats
  • Supply blocks, unpowered buildings, or Contaminate may cause inaccurate times.
  • Supply counts are checked every 10 seconds.